[Event "*** SCC Grand Prix: Titled Tuesday Blitz"]
[Site "Chess.com"]
[Date "2020.09.08"]
[Round "7"]
[White "Nils_03"]
[Black "MYMChessAcademy"]
[Result "1-0"]
[WhiteElo "2267"]
[BlackElo "2066"]
[TimeControl "180+1"]
[EndTime "11:17:25 PDT"]
[Termination "Nils_03 won by checkmate"]

1. d4 Nf6 2. Bg5 g6 3. Bxf6 exf6 4. g3 Bg7 5. Bg2 O-O 6. Nf3 d5 7. O-O c6 8. Nbd2 Nd7 9. c4 Nb6 10. Rc1 Be6 11. b3 dxc4 12. Nxc4 f5 13. e3 Nd5 14. Nfe5 Rc8 15. Qe2 b5 16. Nd2 Bxe5 17. dxe5 Qd7 18. e4 fxe4 19. Nxe4 Qe7 20. Rfe1 Bf5 21.
Nd6 Rcd8 22. Nxf5 gxf5 23. Rxc6 Nb4 24. Rc3 Nd5 25. Rf3 b4 26. Rxf5 Nc3 27. Qg4+ Kh8 28. Rh5 Rg8 29. Qh3 Rg7 30. Qh4 Qe8 31. Qxb4 f6 32. Rh6 Rd1 33. Qxc3 Rd8 34. exf6 Qxe1+ 35. Qxe1 Rf7 36. Bd5 Rff8 37. Qe5 Rxd5 38. Qxd5 Rxf6 39. Rxf6 Kg7 40. Qf7+ Kh8 41. Qf8# 1-0

[Event "*** SCC Grand Prix: Titled Tuesday Blitz"]
[Site "Chess.com"]
[Date "2020.09.08"]
[Round "7"]
[White "ShapkinAnatoliy"]
[Black "Orest_Vovk"]
[Result "1-0"]
[WhiteElo "2665"]
[BlackElo "2489"]
[TimeControl "180+1"]
[EndTime "11:17:27 PDT"]
[Termination "ShapkinAnatoliy won on time"]

1. d4 Nf6 2. c4 e6 3. g3 Bb4+ 4.
Bd2 a5 5. Bg2 Nc6 6. Nf3 d6 7.
O-O O-O 8. Bg5 a4 9. a3 Ba5 10.
Qxa4 Bd7 11. Qc2 h6 12. Bxf6 Qxf6 13. e3 e5 14. dxe5 dxe5 15. Nc3 Bxc3 16. Qxc3 Bg4 17. Nd2 Rfd8 18. b4 Qd6 19. Ne4 Qd3 20. Qc1 Be2 21. Nc5 Qxc4 22. Qxc4 Bxc4 23. Rfc1 Bd5 24. Nxb7 Bxg2 25.
Nxd8 Nxd8 26. Kxg2 Ne6 27. a4 Kf8 28. a5 Ke7 29. b5 Kd7 30. b6 Rb8 31. bxc7 Nxc7 32.
a6 Ra8 33. a7 Nb5 34. Rc5 Nc7 35. Rxe5 f6 36. Rea5 Kc6 37. R5a2 Kb7 38. Rb1+ Kc8 39. h4 Kd7 40. h5 1-0

[Event "*** SCC Grand Prix: Titled Tuesday Blitz"]
[Site "Chess.com"]
[Date "2020.09.08"]
[Round "7"]
[White "Spriteball"]
[Black "Ariadna_Atreides"]
[Result "1-0"]
[WhiteElo "2280"]
[BlackElo "2069"]
[TimeControl "180+1"]
[EndTime "11:17:27 PDT"]
[Termination "Spriteball won by resignation"]

1. c4 Nf6 2. Nc3 e5 3. Nf3 Nc6 4. g3 Bb4 5. Bg2 Bxc3 6. bxc3 O-O 7. O-O d6 8. d4 Re8 9. Qc2 g6 10. Bg5 Kg7 11. Qc1 e4 12. Nd2 Bf5 13. f3 e3 14. Ne4 Bxe4 15. fxe4 Re6 16. d5 h6 17.
Bxf6+ Rxf6 18. dxc6 bxc6 19. Qxe3 Rxf1+ 20. Rxf1 Qe7 21. e5 dxe5 22. Bxc6 Rb8 23. Bd5 f5 24. Qxa7 Rb2 25.
Qe3 c5 26. Ra1 e4 27. a4 Qa7 28. a5 g5 29. h4 Kg6 30. hxg5 hxg5 31. g4 fxg4 32.
Bxe4+ Kh6 33. Bd5 Qc7 34. Kg2 Kg7 35. Qxg5+ 1-0

[Event "*** SCC Grand Prix: Titled Tuesday Blitz"]
[Site "Chess.com"]
[Date "2020.09.08"]
[Round "7"]
[White "TigrVShlyape"]
[Black "TheMagnet"]
[Result "1-0"]
[WhiteElo "2815"]
[BlackElo "2586"]
[TimeControl "180+1"]
[EndTime "11:17:29 PDT"]
[Termination "TigrVShlyape won by resignation"]

1. d4 Nf6 2. Nf3 g6 3. c3 Bg7 4. Bg5 O-O 5. Nbd2 d6 6. e4 c5 7. dxc5 dxc5 8. Be2 Nc6 9. O-O Qc7 10. h3 h6 11. Be3 b6 12. Re1 Bb7 13. Qc2 Nh5 14. Bf1 Nf4 15. a4 a6 16. Nc4 e5 17. Qb3 Na5 18.
Qxb6 Qxb6 19. Nxb6 Rad8 20. Bxc5 Rfe8 21. Ra3 Nd3 22.
Bxd3 Rxd3 23. b4 Nc6 24. b5 Na5 25. Bb4 Bf8 26. Bxf8 Kxf8 27. Raa1 Nb3 28. Rad1 Rxd1 29. Rxd1 axb5 30. axb5 Bxe4 31. Nxe5 Kg7 32. Nec4 Nc5 33.
Nd6 Rb8 34. Nd7 Nxd7 35. Nxe4 Ne5 36. Rd5 Nc4 37. Rc5 Na3 38. c4 Re8 39. f3 f5 40.
Rc7+ Kf8 41. Nf6 Re1+ 42. Kf2 Rc1 43. b6 Rc2+ 44. Kg3 Nxc4 45. b7 1-0

[Event "*** SCC Grand Prix: Titled Tuesday Blitz"]
[Site "Chess.com"]
[Date "2020.09.08"]
[Round "7"]
[White "Kazan28"]
[Black "1977Ivan"]
[Result "0-1"]
[WhiteElo "2267"]
[BlackElo "2631"]
[TimeControl "180+1"]
[EndTime "11:17:30 PDT"]
[Termination "1977Ivan won by resignation"]

1. Nf3 d5 2. g3 Nc6 3. Bg2 e5 4. d3 Nf6 5. O-O h6 6. Nc3 Be6 7. e4 dxe4 8. Nxe4 Nxe4 9. dxe4 Bc4 10.
Re1 Bc5 11. b3 Qxd1 12. Rxd1 Be6 13. Bb2 f6 14. a3 a5 15. Bf1 Kf7 16. Bb5 Na7 17.
Bd3 Nc8 18. Nd2 Nb6 19. Kf1 h5 20. h4 Rhd8 21. Ke2 g6 22. c3 Bf8 23. b4 Na4 24.
Rdb1 Bh6 25. Nf1 Bg4+ 26. f3 Bxf3+ 27. Kxf3 Rxd3+ 28. Ke2 Rad8 29. Ra2 Rxc3 30. Ba1 Rc4 31. bxa5 Nc5 32. Rb4 Rxe4+ 33. Kf3 Re1 0-1

[Event "*** SCC Grand Prix: Titled Tuesday Blitz"]
[Site "Chess.com"]
[Date "2020.09.08"]
[Round "7"]
[White "Anna_ChessMate"]
[Black "gmpeter008"]
[Result "0-1"]
[WhiteElo "2504"]
[BlackElo "2375"]
[TimeControl "180+1"]
[EndTime "11:17:30 PDT"]
[Termination "gmpeter008 won by resignation"]

1. d4 Nf6 2. c4 e6 3. Nf3 Bb4+ 4. Bd2 a5 5. g3 Ne4 6. Bxb4 axb4 7. Bg2 O-O 8. O-O d5 9. Qc2 Nc6 10. Rd1 Qf6 11.
a3 b3 12. Qd3 b6 13. Nbd2 Nxd2 14. Qxd2 Ba6 15. cxd5 exd5 16. Rac1 Rfe8 17. e3 Bc4 18. Rxc4 dxc4 19. Ne5 Nxe5 20. dxe5 Qd8 21. Bxa8 Qxd2 22. Rxd2 Rxa8 23. Rd1 g5 24. Rc1 b5 25. f4 Rxa3 0-1

[Event "*** SCC Grand Prix: Titled Tuesday Blitz"]
[Site "Chess.com"]
[Date "2020.09.08"]
[Round "7"]
[White "skoularikii"]
[Black "vovachesss"]
[Result "0-1"]
[WhiteElo "2487"]
[BlackElo "2670"]
[TimeControl "180+1"]
[EndTime "11:17:31 PDT"]
[Termination "vovachesss won by resignation"]

1. e4 c6 2. d4 d5 3. e5 c5 4. dxc5 Nc6 5. Nf3 Bg4 6. c3 Bxf3 7. Qxf3 Nxe5 8. Qg3 Nc6 9. Bb5 Nf6 10. Be3 g6 11.
Nd2 Bg7 12. O-O O-O 13. Rad1 e6 14. f4 Qa5 15. a4 a6 16. b4 Qc7 17. Be2 Rad8 18. Qf2 d4 19. cxd4 Nxd4 20. Nc4 Ne4 21. Qe1 Nxe2+ 22. Qxe2 Nc3 23. Qc2 Nxd1 24. Rxd1 Qc6 25.
Na5 Rxd1+ 26. Qxd1 Qe4 27. Qe1 Rd8 28. Kf1 Qc2 29.
Qe2 Qb1+ 30. Kf2 Qxb4 31. Nc4 Bd4 32. Nd6 Qxc5 33. Nxb7 Bxe3+ 34. Qxe3 Rd2+ 35. Kf3 Qd5+ 36. Kg3 Rxg2+ 37. Kh3 Qxb7 38. Qd4 Qf3+ 0-1

[Event "*** SCC Grand Prix: Titled Tuesday Blitz"]
[Site "Chess.com"]
[Date "2020.09.08"]
[Round "7"]
[White "ErikRonka"]
[Black "kobemagic"]
[Result "0-1"]
[WhiteElo "2240"]
[BlackElo "2363"]
[TimeControl "180+1"]
[EndTime "11:17:31 PDT"]
[Termination "kobemagic won by resignation"]

1. e4 c5 2. Nf3 Nc6 3. Bb5 Nd4 4. Nxd4 cxd4 5. O-O a6 6. Bc4 e6 7. c3 b5 8. Bb3 Bb7 9. d3 dxc3 10. bxc3 Nf6 11. Bf4 d6 12. Nd2 Be7 13. a4 O-O 14. Qc2 Qc7 15. Qb2 Rfc8 16. axb5 axb5 17. Rxa8 Bxa8 18. Rc1 Nd7 19. c4 b4 20. Be3 Nc5 21.
Qc2 Bf6 22. d4 Nd7 23. c5 dxc5 24. dxc5 Bc3 25. Nb1 Nxc5 26. Nxc3 Nxb3 27. Qxb3 bxc3 28. f3 c2 29. Qb6 Qc3 30. Qd4 Qb3 31. Qe5 Qxe3+ 0-1

[Event "*** SCC Grand Prix: Titled Tuesday Blitz"]
[Site "Chess.com"]
[Date "2020.09.08"]
[Round "7"]
[White "northridgehawk"]
[Black "chessmadara"]
[Result "0-1"]
[WhiteElo "2293"]
[BlackElo "1952"]
[TimeControl "180+1"]
[EndTime "11:17:32 PDT"]
[Termination "chessmadara won by checkmate"]

1. e4 c5 2. Nf3 Nc6 3. d4 cxd4 4.
Nxd4 g6 5. c4 Bg7 6. Nc2 Nf6 7.
Nc3 O-O 8. Be2 d6 9. O-O Be6 10. Be3 Rc8 11. Qd2 a5 12. f3 Nd7 13. Rfd1 Nc5 14.
Rac1 Qb6 15. Na3 Rfd8 16. Nab5 Rd7 17. Na4 Qd8 18. Nxc5 dxc5 19. Qe1 Bxb2 20. Rb1 Bd4 21. Nxd4 cxd4 22. Bh6 d3 23. Bf1 f6 24. Qc3 Rd4 25. c5 Ne5 26. Rxb7 Rc4 27. Qb2 R4xc5 28. h3 Rc2 29. Qb5 Qd6 30. Qxa5 Nxf3+ 31. gxf3 Qg3+ 32. Kh1 Qh2# 0-1

[Event "*** SCC Grand Prix: Titled Tuesday Blitz"]
[Site "Chess.com"]
[Date "2020.09.08"]
[Round "7"]
[White "Kazmin_Dmitrij"]
[Black "kinga2008"]
[Result "1-0"]
[WhiteElo "2280"]
[BlackElo "2127"]
[TimeControl "180+1"]
[EndTime "11:17:33 PDT"]
[Termination "Kazmin_Dmitrij won by resignation"]

1. e4 c5 2. Nf3 e6 3. d4 cxd4 4. Nxd4 a6 5. c4 Nc6 6. Nc3 Nf6 7.
Be3 Bb4 8. Bd3 Ne5 9. O-O O-O 10. Nde2 d5 11. cxd5 exd5 12. Nxd5 Nxd5 13. exd5 Bg4 14. f3 Bh5 15. Nf4 Bg6 16. Nxg6 hxg6 17. Be4 Re8 18. Bf2 f5 19. Bc2 Qd6 20. Bb3 Rad8 21.
Qd4 Nd7 22. Rac1 Bc5 23. Rxc5 Nxc5 24. Qxc5 Qxc5 25. Bxc5 Re2 26. d6+ Kh7 27. Rd1 Rd7 28. Bc4 Rxb2 29. Be6 Rd8 30. d7 Re2 31. Bb6 1-0

[Event "*** SCC Grand Prix: Titled Tuesday Blitz"]
[Site "Chess.com"]
[Date "2020.09.08"]
[Round "7"]
[White "Reader777"]
[Black "Gabix_94"]
[Result "0-1"]
[WhiteElo "2673"]
[BlackElo "2843"]
[TimeControl "180+1"]
[EndTime "11:17:35 PDT"]
[Termination "Gabix_94 won by resignation"]

1. d4 Nf6 2. c4 g6 3. Nc3 Bg7 4. e4 d6 5. f4 O-O 6. Nf3 c5 7. d5 e6 8. Be2 exd5 9. cxd5 Re8 10. e5 dxe5 11. fxe5 Ng4 12. e6 fxe6 13. d6 Nc6 14. O-O Bd7 15. Ne4 c4 16. Bxc4 Qb6+ 17. Kh1 Rac8 18. h3 Nge5 19. Nxe5 Nxe5 20. Bb3 Kh8 21. Bg5 Rf8 22. Bf6 Bxf6 23. Nxf6 Bb5 24. Qe1 Qxd6 25. Rd1 Nd3 26. Qh4 Qe7 27. Qg5 Rc5 28. Qe3 Re5 29. Qf3 Rf5 30. Qe3 Qxf6 31. Rxf5 exf5 32. Rxd3 Bxd3 33. Qxd3 Rd8 34. Qe3 b6 35. Kh2 Kg7 36.
Qe2 Rd7 37. Qb5 Re7 38. Qd3 Qe5+ 39. Kg1 h5 0-1

[Event "*** SCC Grand Prix: Titled Tuesday Blitz"]
[Site "Chess.com"]
[Date "2020.09.08"]
[Round "7"]
[White "snap_man"]
[Black "rududuyk"]
[Result "1-0"]
[WhiteElo "2288"]
[BlackElo "2133"]
[TimeControl "180+1"]
[EndTime "11:17:35 PDT"]
[Termination "snap_man won on time"]

1. Nf3 e6 2. g3 f5 3. Bg2 Nf6 4. b3 Be7 5. Bb2 O-O 6. O-O d6 7. d4 Ne4 8. c4 a5 9. Nfd2 d5 10. f3 Nd6 11. c5 Ne8 12. e4 c6 13.
e5 f4 14. Nc3 g5 15. Na4 Nd7 16. a3 Ng7 17. b4 axb4 18. axb4 Nf5 19. Qb3 fxg3 20. h3 Qe8 21. b5 cxb5 22. Qxb5 Ne3 23.
Rfc1 Qh5 24. Nb6 Rxa1 25. Bxa1 Nxb6 26. cxb6 Qh4 27. Rc7 g4 28. fxg4 Nxg2 29. Nf3 Qxh3 30. Rxe7 1-0

[Event "*** SCC Grand Prix: Titled Tuesday Blitz"]
[Site "Chess.com"]
[Date "2020.09.08"]
[Round "7"]
[White "Chessbard1972"]
[Black "AntonovaNadezhda"]
[Result "0-1"]
[WhiteElo "2330"]
[BlackElo "2055"]
[TimeControl "180+1"]
[EndTime "11:17:35 PDT"]
[Termination "AntonovaNadezhda won by resignation"]

1. e4 d6 2. d4 Nf6 3. Nc3 e5 4. Nf3 Nbd7 5. g4 Nxg4 6. Rg1 Ngf6 7. Bg5 c6 8. Qd2 b5 9. a3 Bb7 10. O-O-O Be7 11. Be3 Nh5 12. Be2 a5 13. Ng5 Nhf6 14. Nh3 b4 15. Nb1 Nxe4 16. Qd3 d5 17. Rxg7 Ba6 18.
Qxa6 Rxa6 19. Bxa6 exd4 20. Bxd4 Bf6 21. Bxf6 Qxf6 22. Rdg1 Qh6+ 23. Kd1 Qxh3 24. Ke2 Qxh2 25. R1g2 Qh5+ 26. f3 Ne5 27. Nd2 Nxd2 28. Kxd2 Nxf3+ 29. Ke3 Nh4 30. R2g5 Qf3+ 31. Kd4 Nf5+ 32. Rxf5 Qxf5 33. Kc5 h5 34. Bb7 Qf2+ 35. Kxc6 Qf6+ 36. Kxd5 Qxg7 37. axb4 axb4 38. Bc6+ Ke7 0-1

[Event "*** SCC Grand Prix: Titled Tuesday Blitz"]
[Site "Chess.com"]
[Date "2020.09.08"]
[Round "7"]
[White "RaunakSadhwani2005"]
[Black "13MiRacLe"]
[Result "1-0"]
[WhiteElo "2856"]
[BlackElo "2598"]
[TimeControl "180+1"]
[EndTime "11:17:37 PDT"]
[Termination "RaunakSadhwani2005 won by resignation"]

1. e4 e5 2. Nf3 Nc6 3. g3 Nf6 4. d3 Bc5 5. Bg2 d5 6. exd5 Nxd5 7. O-O O-O 8. Re1 Bg4 9. h3 Bh5 10. Nbd2 f5 11. c3 Bb6 12. Qb3 Bf7 13. Nc4 Nf6 14. Ng5 Bd5 15. Bxd5+ Qxd5 16. Nxe5 Qxb3 17. axb3 Rae8 18. Ngf3 Re6 19. Nxc6 Rxc6 20. d4 Ne4 21. Bf4 Re6 22. Ng5 Nxg5 23. Bxg5 Rfe8 24. Rxe6 Rxe6 25. Kf1 h6 26. Bd2 c6 27. Re1 Kf7 28. Rxe6 Kxe6 29. Ke2 Kd5 30. Kd3 Bc7 31. c4+ Ke6 32. Bc3 g5 33. b4 g4 34. hxg4 fxg4 35. Ke4 h5 36. d5+ cxd5+ 37. cxd5+ Kd7 38. Be5 Bd8 39. Bd4 a6 40. Be5 Be7 41. b5 axb5 42. Kf5 Bc5 43.
Kg5 Bxf2 44. Kxh5 b4 45. b3 Be3 46. Kxg4 b6 47. Kf5 b5 48. g4 Bh6 49. g5 Bf8 50. g6 1-0

[Event "*** SCC Grand Prix: Titled Tuesday Blitz"]
[Site "Chess.com"]
[Date "2020.09.08"]
[Round "7"]
[White "Korchmar_Vasiliy"]
[Black "LubovMarkelova"]
[Result "1-0"]
[WhiteElo "2618"]
[BlackElo "2242"]
[TimeControl "180+1"]
[EndTime "11:17:39 PDT"]
[Termination "Korchmar_Vasiliy won by resignation"]

1. d4 d5 2. Nf3 Nf6 3. Bf4 c5 4. e3 Nc6 5. Nbd2 Qb6 6. dxc5 Qxb2 7. Rb1 Qc3 8. Bb5 Qxc5 9. O-O a6 10. Bd3 e6 11. e4 dxe4 12. Nxe4 Nxe4 13. Bxe4 Be7 14. Qd3 Nb4 15. Qe2 O-O 16. Ne5 Nd5 17. Bd2 Bf6 18. Bd3 Nc3 19. Bxc3 Qxc3 20. Ng4 g6 21. Rb3 Qd4 22. Rd1 Qf4 23. g3 Qg5 24. h4 1-0

[Event "*** SCC Grand Prix: Titled Tuesday Blitz"]
[Site "Chess.com"]
[Date "2020.09.08"]
[Round "7"]
[White "Gusarov91"]
[Black "plumalka"]
[Result "0-1"]
[WhiteElo "2606"]
[BlackElo "2433"]
[TimeControl "180+1"]
[EndTime "11:17:41 PDT"]
[Termination "plumalka won by resignation"]

1. d4 Nf6 2. Nf3 c5 3. d5 e6 4. c4 b5 5. Bg5 exd5 6. cxd5 d6 7. e4 a6 8. a4 b4 9. Nbd2 Be7 10. Bd3 Bg4 11. O-O Nbd7 12. Bf4 O-O 13. h3 Bh5 14. a5 Re8 15. Re1 Nf8 16. Nc4 Qc7 17. g4 Bg6 18. e5 dxe5 19. Nfxe5 Nxd5 20. Bxg6 Nxf4 21. Bxf7+ Kh8 22.
Bxe8 Rxe8 23. Qf3 N8e6 24. Qc6 Qxc6 25. Nxc6 Bf6 26. Kh2 Rc8 27. N6e5 Nd4 28. Nf7+ Kg8 29. Nfd6 Nf3+ 30. Kg3 Nxe1 31. Kxf4 Rf8 32. Kg3 Nc2 33. Ne4 Nxa1 34. Nxc5 Rc8 35. Nd7 Rxc4 0-1

[Event "*** SCC Grand Prix: Titled Tuesday Blitz"]
[Site "Chess.com"]
[Date "2020.09.08"]
[Round "7"]
[White "Mazetovic"]
[Black "MattyDPerrine"]
[Result "1-0"]
[WhiteElo "2643"]
[BlackElo "2365"]
[TimeControl "180+1"]
[EndTime "11:17:42 PDT"]
[Termination "Mazetovic won on time"]

1. e4 c5 2. Nf3 e6 3. c4 Nc6 4.
Nc3 e5 5. d3 g6 6. h4 Bg7 7. h5 Nge7 8. Bg5 h6 9. Bxe7 Nxe7 10.
hxg6 fxg6 11. g3 a6 12. Bh3 Nc6 13. Nd5 O-O 14. Nh4 Qg5 15. Qg4 Qxg4 16. Bxg4 Kf7 17. Nb6 Ra7 18. Nxc8 Rxc8 19. Bxd7 Rd8 20. Bxc6 bxc6 21.
Ke2 Bf6 22. Ng2 h5 23. Rab1 a5 24. f4 exf4 25. gxf4 Bd4 26. Nh4 Rb7 27. Rh2 Rxb2+ 28. Rxb2 Bxb2 29. Rg2 Rg8 30. Nf3 Bf6 31. e5 Be7 32. Ke3 Ke6 33. Ke4 h4 34. d4 cxd4 35. Nxd4+ 1-0

[Event "*** SCC Grand Prix: Titled Tuesday Blitz"]
[Site "Chess.com"]
[Date "2020.09.08"]
[Round "7"]
[White "Sultanasharminshirin"]
[Black "BJthechessgod"]
[Result "0-1"]
[WhiteElo "2000"]
[BlackElo "2218"]
[TimeControl "180+1"]
[EndTime "11:17:42 PDT"]
[Termination "BJthechessgod won on time"]

1. Nf3 c5 2. b3 Nc6 3. Bb2 d5 4. e3 Nf6 5. d4 Bg4 6. Nbd2 cxd4 7. exd4 Ne4 8. Be2 Nxd2 9. Qxd2 e6 10. O-O Bxf3 11.
Bxf3 Bd6 12. c4 dxc4 13. bxc4 O-O 14. g3 e5 15. Bxc6 bxc6 16. dxe5 Bc7 17. Qe2 Qe7 18. Rfe1 Rfe8 19. Rad1 Rad8 20. Rxd8 Qxd8 21. Qc2 Bb8 22. Qe4 Qa5 23. Re2 Qa4 24. Qd4 c5 25. Qc3 Qc6 26. e6 f6 27. Qe3 a6 28. f4 Qa4 29. Qb3 Qc6 30. Qe3 Qa4 0-1

[Event "*** SCC Grand Prix: Titled Tuesday Blitz"]
[Site "Chess.com"]
[Date "2020.09.08"]
[Round "7"]
[White "dopolian"]
[Black "indfraeng"]
[Result "1-0"]
[WhiteElo "2484"]
[BlackElo "2341"]
[TimeControl "180+1"]
[EndTime "11:17:44 PDT"]
[Termination "dopolian won by resignation"]

1. Nf3 Nf6 2. c4 c5 3. g3 d5 4. cxd5 Nxd5 5. Nc3 Nc7 6. Bg2 Nc6 7. O-O e5 8. Ne1 Be7 9. Bxc6+ bxc6 10. Qa4 Bd7 11. Nd3 f6 12. b3 O-O 13. Ba3 Ne6 14. Qc4 Kh8 15. Nxc5 Nxc5 16. Bxc5 Bxc5 17. Qxc5 Bh3 18. Rfd1 Bf5 19. Rac1 Rc8 20. d4 exd4 21. Rxd4 Qb6 22. Na4 Qa6 23. Qc4 Qxc4 24. Rdxc4 Bd7 25. Nc5 Bf5 26.
e4 Bg6 27. f3 h5 28. Ne6 Bf7 29. Nxf8 Bxc4 30. Rxc4 Rxf8 31. Rxc6 Rd8 32. Ra6 Rd7 33. Kf2 Kg8 34. h4 Kf7 35. Ke3 Ke7 36. Kf4 Kf7 37.
b4 Rb7 38. a3 Ke7 39. Ra5 g6 40.
Ra6 Rc7 41. e5 Rc4+ 42. Ke3 fxe5 43. Rxa7+ Kf6 44. b5 Rc3+ 45. Ke4 Rb3 46. Ra6+ Kf7 47. a4 Kg7 48. Kxe5 Rxf3 49. b6 Rxg3 50. b7 Rb3 51. Ra7 Kh6 52. a5 g5 53. hxg5+ Kxg5 54. a6 h4 55. Ra8 h3 56. b8=Q 1-0

[Event "*** SCC Grand Prix: Titled Tuesday Blitz"]
[Site "Chess.com"]
[Date "2020.09.08"]
[Round "7"]
[White "PavelShkapenko"]
[Black "Msb2"]
[Result "0-1"]
[WhiteElo "2692"]
[BlackElo "2891"]
[TimeControl "180+1"]
[EndTime "11:17:45 PDT"]
[Termination "Msb2 won by resignation"]

1. e4 e6 2. d4 d5 3. exd5 exd5 4.
Nf3 Nc6 5. h3 a6 6. c4 Bb4+ 7.
Nc3 Nge7 8. Bd3 O-O 9. O-O dxc4 10. Bxc4 Nf5 11. d5 Nce7 12. Bf4 Ng6 13. Bh2 Bd6 14. Ne4 Bxh2+ 15. Kxh2 Nd6 16. Nxd6 Qxd6+ 17. Kg1 Nf4 18. Kh1 Bf5 19. Re1 Rae8 20. Qd2 Be4 21. Re3 Qg6 22. Rg1 Qf5 23. Kh2 Nxd5 24.
Bxd5 Bxd5 25. Rge1 Rxe3 26. Rxe3 c6 27. Qd4 h6 28. g4 Qd7 29. Ne5 Qc7 30. f4 Re8 31. Nd3 Rxe3 32. Qxe3 Bxa2 33. Qe8+ Kh7 34. Qe4+ g6 35.
Ne5 Bd5 36. Qe3 Qe7 37. Kg3 f6 38. Nc4 Qxe3+ 39. Nxe3 Kg7 40. h4 a5 41. g5 a4 42.
Ng4 fxg5 43. hxg5 hxg5 44. fxg5 b5 45. Kf4 b4 0-1

[Event "*** SCC Grand Prix: Titled Tuesday Blitz"]
[Site "Chess.com"]
[Date "2020.09.08"]
[Round "7"]
[White "Grineva_Marianna"]
[Black "Synctel"]
[Result "1-0"]
[WhiteElo "2212"]
[BlackElo "1988"]
[TimeControl "180+1"]
[EndTime "11:17:46 PDT"]
[Termination "Grineva_Marianna won by resignation"]

1. e4 e6 2. d4 d5 3. Nd2 Nc6 4.
Ngf3 Nf6 5. e5 Nd7 6. Bb5 Be7 7.
O-O O-O 8. Re1 a5 9. Bxc6 bxc6 10. c4 c5 11. cxd5 exd5 12. Nb3 a4 13. Nbd2 cxd4 14.
Nxd4 Bc5 15. N2f3 Nb6 16. Bg5 Qe8 17. Qc2 Bb4 18. Red1 c5 19. a3 Ba5 20. Qxc5 Be6 21. Nc6 h6 22. Be3 Nd7 23. Qd6 Kh8 24. Nxa5 Rxa5 25. Rac1 Qa8 26. Nd4 Re8 27. Nxe6 fxe6 28.
Qxd7 1-0

[Event "*** SCC Grand Prix: Titled Tuesday Blitz"]
[Site "Chess.com"]
[Date "2020.09.08"]
[Round "7"]
[White "BurningggIce"]
[Black "creativity"]
[Result "0-1"]
[WhiteElo "2309"]
[BlackElo "2099"]
[TimeControl "180+1"]
[EndTime "11:17:48 PDT"]
[Termination "creativity won by resignation"]

1. d4 f5 2. Nf3 Nf6 3. g3 g6 4. Bg2 Bg7 5. c4 O-O 6. Nc3 d6 7. O-O Qe8 8. d5 a5 9. Nd4 Na6 10. Bf4 Bd7 11. Ne6 Bxe6 12. dxe6 c6 13. e4 fxe4 14.
Nxe4 Nxe4 15. Bxe4 Nc5 16. Qe2 Rxf4 17. gxf4 Qf8 18. f5 gxf5 19. Bf3 Qf6 20. Rae1 Qh4 21. b3 Be5 22. Qxe5 dxe5 23. Rxe5 Ne4 24. Rxf5 Kh8 25.
Kh1 Rg8 26. Bg2 Qg4 0-1

[Event "*** SCC Grand Prix: Titled Tuesday Blitz"]
[Site "Chess.com"]
[Date "2020.09.08"]
[Round "7"]
[White "OminousOmen"]
[Black "GOGIEFF"]
[Result "1/2-1/2"]
[WhiteElo "2950"]
[BlackElo "2912"]
[TimeControl "180+1"]
[EndTime "11:17:49 PDT"]
[Termination "Game drawn by repetition"]

1. d4 Nf6 2. c4 g6 3. Nc3 Bg7 4. e4 d6 5. f4 O-O 6. Nf3 Bg4 7.
Be3 Nc6 8. Be2 Bxf3 9. Bxf3 e5 10. fxe5 dxe5 11. d5 Nd4 12. O-O c5 13. Bg4 Ne8 14. Bh3 Nd6 15. Qd3 a6 16. b3 b5 17. cxb5 axb5 18. Kh1 Qa5 19. Bg5 Ra7 20. Qg3 Nxb3 21. Be7 Rxe7 22. axb3 Qb4 23. Ra6 Rd8 24. Rc6 h6 25.
Qh4 Ree8 26. Qf2 Qxc3 27. Rxd6 Rxd6 28. Qxf7+ Kh7 29. Qxe8 Rf6 30. Rg1 Qxb3 31. Be6 Rf8 32. Qe7 Qd3 33. d6 Rf1 34. d7 Rxg1+ 35. Kxg1 Qd1+ 36.
Kf2 Qd2+ 37. Kf1 Qd1+ 38. Kf2 Qd2+ 39. Kf1 Qd1+ 40. Kf2 1/2-1/2

[Event "*** SCC Grand Prix: Titled Tuesday Blitz"]
[Site "Chess.com"]
[Date "2020.09.08"]
[Round "7"]
[White "Olga_Girya"]
[Black "Ural_bogatyr"]
[Result "1-0"]
[WhiteElo "2486"]
[BlackElo "2340"]
[TimeControl "180+1"]
[EndTime "11:17:50 PDT"]
[Termination "Olga_Girya won by resignation"]

1. d4 Nf6 2. Nf3 d5 3. c4 c6 4. Nc3 e6 5. Bg5 h6 6. Bxf6 Qxf6 7. e3 g6 8. Bd3 Bg7 9. e4 dxe4 10. Nxe4 Qe7 11. c5 O-O 12. O-O Nd7 13. Re1 b6 14. b4 a5 15. a3 axb4 16. axb4 Rxa1 17. Qxa1 f5 18. Nd6 bxc5 19. Rxe6 Qd8 20. Rxg6 Nf6 21.
dxc5 Be6 22. Bxf5 Bf7 23. Nxf7 Kxf7 24. Qa2+ Qd5 25. Qxd5+ cxd5 26. Ne5+ Kg8 27. c6 Nh5 28.
c7 Kh8 29. Rxg7 Kxg7 30. c8=Q Rxc8 31. Bxc8 Nf4 32. b5 d4 33. b6 Kf6 34. b7 1-0

[Event "*** SCC Grand Prix: Titled Tuesday Blitz"]
[Site "Chess.com"]
[Date "2020.09.08"]
[Round "7"]
[White "arminmusovic"]
[Black "gui_borba"]
[Result "0-1"]
[WhiteElo "2559"]
[BlackElo "2424"]
[TimeControl "180+1"]
[EndTime "11:17:52 PDT"]
[Termination "gui_borba won by checkmate"]

1. a3 e5 2. Nc3 d5 3. d4 e4 4. Bf4 Nf6 5. e3 Bd6 6. Be5 c6 7. Bg3 h5 8. Nge2 h4 9. Bxd6 Qxd6 10. h3 Nh5 11. Qd2 Be6 12. Nf4 Nxf4 13. exf4 Nd7 14. O-O-O a5 15. g4 f5 16. f3 Nf6 17. Re1 b5 18.
Bg2 b4 19. Nb1 O-O 20. Rhg1 Rfc8 21. a4 c5 22. gxf5 Bxf5 23. fxe4 Nxe4 24. Bxe4 Bxe4 25. Re2 cxd4 26. Qxd4 Qxf4+ 27. Nd2 Rxc2+ 28. Kd1 Rc7 29. Nxe4 Qc1# 0-1

[Event "*** SCC Grand Prix: Titled Tuesday Blitz"]
[Site "Chess.com"]
[Date "2020.09.08"]
[Round "7"]
[White "Godzillator"]
[Black "UmarovSabir"]
[Result "0-1"]
[WhiteElo "2251"]
[BlackElo "2370"]
[TimeControl "180+1"]
[EndTime "11:17:52 PDT"]
[Termination "UmarovSabir won by resignation"]

1. d4 g6 2. c4 Bg7 3. e4 c6 4. Nc3 d6 5. Be3 a6 6. a4 a5 7.
Bd3 Na6 8. Rc1 Nb4 9. Bb1 Nf6 10. f3 O-O 11. Qd2 e5 12. d5 c5 13. Nge2 Bd7 14.
g4 Ne8 15. h4 f5 16. gxf5 gxf5 17. Bg5 Qc7 18. exf5 Bxf5 19. Rg1 Bxb1 20. Rxb1 Kh8 21. f4 Qf7 22. Ne4 h6 23. f5 Qxf5 24. Bxh6 Qxe4 25.
Bxg7+ Nxg7 26. Qh6+ Qh7 27. Qxh7+ Kxh7 28. Nc3 Rf4 29.
Ke2 Rxc4 30. Rbf1 Rf4 31. Rxf4 exf4 32. Ne4 Nf5 33. Ng5+ Kg6 34. Ne6+ Kf6 35. Nxf4 Re8+ 36. Kd2 Nxh4 37. Ne6 Nf3+ 0-1

[Event "*** SCC Grand Prix: Titled Tuesday Blitz"]
[Site "Chess.com"]
[Date "2020.09.08"]
[Round "7"]
[White "hellokostya"]
[Black "ferdipy"]
[Result "1-0"]
[WhiteElo "2488"]
[BlackElo "2342"]
[TimeControl "180+1"]
[EndTime "11:17:53 PDT"]
[Termination "hellokostya won by checkmate"]

1. d4 Nf6 2. c4 e6 3. Nf3 Bb4+ 4. Nbd2 O-O 5. a3 Be7 6. e4 d5 7. e5 Ne4 8. Bd3 Nxd2 9. Bxd2 dxc4 10. Bxc4 c5 11.
Bd3 cxd4 12. h4 h6 13. Rh3 Nc6 14. Bxh6 gxh6 15. Rg3+ Kh8 16. Qc1 Bg5 17. hxg5 Nxe5 18. Nxe5 Qa5+ 19. Kf1 Qxe5 20. gxh6 Bd7 21. Qd2 Rac8 22.
Re1 Qf6 23. Re4 Rg8 24. Rf4 Qe7 25. Rfg4 Rxg4 26. Rxg4 e5 27. Rg7 Be6 28. Be4 Qf6 29. Kg1 Rg8 30. Rh7# 1-0

[Event "*** SCC Grand Prix: Titled Tuesday Blitz"]
[Site "Chess.com"]
[Date "2020.09.08"]
[Round "7"]
[White "ailime26"]
[Black "nitpicker"]
[Result "0-1"]
[WhiteElo "1897"]
[BlackElo "2216"]
[TimeControl "180+1"]
[EndTime "11:17:53 PDT"]
[Termination "nitpicker won on time"]

1. e4 d5 2. exd5 Qxd5 3. Nc3 Qd8 4. d4 Nf6 5. Nf3 c6 6. Be2 Bf5 7. Be3 h6 8. Qd2 e6 9. h3 Bb4 10. g4 Ne4 11. Qd3 Nxf2 12. Qc4 Bxc3+ 13. Kxf2 Ba5 14. gxf5 exf5 15. Ne5 Qh4+ 16. Kf1 O-O 17. Ng6 Qe4 18. Kf2 Re8 19. Qb3 Qxe3+ 20. Qxe3 Rxe3 21. Kxe3 fxg6 22. Rhg1 Kf7 23. Bc4+ Kf6 24. Rae1 Nd7 25. c3 Bc7 26. Kf3 Nf8 27. Rg2 g5 28. Rge2 Bf4 29. Re7 h5 0-1